 Dungeon Crawl Stone Soup version 0.31-a0-202-g547052bce9 (webtiles) character file.

Game seed: 17498191531515393474

187 qw the Skirmisher (level 5, -3/30 HPs)
             Began as a Deep Elf Hunter on June 26, 2023.
             Slain by an orc
             ... wielding a +0 trident
              (6 damage)
             ... on level 3 of the Dungeon.
             The game lasted 00:00:38 (1965 turns).

qw the Skirmisher (Deep Elf Hunter)                 Turns: 1965, Time: 00:00:39

Health: -3/30      AC:  5    Str:  7 (10) XL:     5   Next: 39%
Magic:  7/7        EV: 10    Int: 11 (14) God:
Gold:   113        SH:  0    Dex: 17 (18) Spells: 4/4 levels left

rFire   . . .        Y - +0 shortbow
rCold   . . .        (shield currently unavailable)
rNeg    . . .        g - +0 ring mail
rPois   .            (no helmet)
rElec   .            (no cloak)
rCorr   .            (no gloves)
SInv    .            (no boots)
Will    .....        (no amulet)
Stlth   +            (no ring)
HPRegen 0.25/turn    (no ring)
MPRegen 0.10/turn

%: no passive effects
@: no status effects
A: no striking features
a: no special abilities


You were on level 3 of the Dungeon.
You visited 1 branch of the dungeon, and saw 3 of its levels.

You collected 113 gold pieces.


   Skills:
 + Level 2.0 Fighting
 - Level 13.2 Ranged Weapons
 - Level 1.0 Armour
 - Level 3.0 Dodging
 - Level 1.2 Stealth


You had 4 spell levels left.
You didn't know any spells.
Your spell library was empty.

Inventory:

Hand Weapons
 Y - a +0 shortbow (weapon)
Armour
 g - a +0 ring mail (worn)
Scrolls
 f - 6 scrolls of identify
Potions
 a - a potion of cancellation
 d - a potion of curing

Dungeon Overview and Level Annotations

Branches:
Dungeon (3/15)

Altars:

Shops:
D:1 =


Message History

Beogh smites you!
Ouch! That really hurt!
The orc priest shouts!
You shoot an arrow. The arrow completely misses the adder.
The arrow barely misses the orc.
The arrow barely misses the orc priest.
You feel sick.
You hear a shout!
The adder bites you but does no damage.
An orc comes into view. It is wielding a +0 dagger.
You shoot an arrow. The arrow closely misses the adder.
The arrow closely misses the orc.
The arrow closely misses the orc priest.
You feel sick. The adder bites you but does no damage.
You shoot an arrow. The arrow misses the adder.
The arrow barely misses the orc.
The arrow hits the orc priest!
The orc priest is severely wounded.
You feel sick. The adder bites you but does no damage.
The orc priest casts a cantrip, but nothing happens.
The adder closely misses you.
You shoot an arrow. The arrow hits the adder!
You kill the adder!
You feel sick.
The orc priest casts a cantrip, but nothing happens.
You shoot an arrow. The arrow barely misses the orc.
The arrow closely misses the orc.
The arrow hits the orc priest but does no damage.
You feel sick.
You are no longer poisoned.
The orc hits you with a +0 mace of protection.
You shoot an arrow. The arrow hits the orc!
You kill the orc!
The orc completely misses you.
An orc wizard comes into view. It is wielding a +0 dagger.
Your Armour skill increases to level 1!
You shoot an arrow. The arrow barely misses the orc priest.
The orc wizard shouts!
The arrow hits the orc.
The orc is severely wounded.
The orc hits you from afar with a +0 trident.
You die...

..#.# #.#
..#.# #.#
..#.# #.#
....# #.#
.#### #.#
.#
###.#######
.#
#<........#
.#
#.#######.#
.# #@# .#
#o# .#
#o..# .
#o#.#
o....# .~.
.# ....#..
o#).. ~.
.....#.K.#


You could see 2 orc priests, an orc wizard and 2 orcs.

Vanquished Creatures
  2 orc priests (D:3)
  4 adders
  5 orcs (D:3)
  4 ball pythons
  5 bats
  5 endoplasms
  3 giant cockroaches
  2 goblins
  5 hobgoblins
  3 jackals (D:1)
  2 quokkas (D:1)
  4 kobolds
  2 rats
46 creatures vanquished.

Notes
Turn   | Place    | Note
-------+----------+-------------------------------------------
     0 | D:1      | qw the Deep Elf Hunter began the quest for the Orb.
     0 | D:1      | Reached XP level 1. HP: 12/12 MP: 3/3
     0 | D:1      | 0 ||| qw: Version: 0.3-a-22-g0ed2b0b
     0 | D:1      | 0 ||| qw: Game counter: 5987
     0 | D:1      | 0 ||| qw: Melee chars always use a shield: true
     0 | D:1      | 0 ||| qw: God list: Okawaru
     0 | D:1      | 0 ||| qw: Allow faded altars: false
     0 | D:1      | 0 ||| qw: Do Orc after clearing Dungeon:15 true
     0 | D:1      | 0 ||| qw: Do second Lair branch before Depths: true
     0 | D:1      | 0 ||| qw: Lair rune preference: random
     0 | D:1      | 0 ||| qw: Goals: Normal
     0 | D:1      | 0 ||| PLANNING D:1-11
    59 | D:1      | Reached XP level 2. HP: 16/16 MP: 4/4
    63 | D:1      | Reached skill level 6 in Ranged Weapons
   256 | D:1      | Found a faded altar of an unknown god.
   338 | D:1      | Found Pota Vyz's Jewellery Boutique.
   351 | D:1      | 351 ||| SHOPLISTING +5 ring of evasion (432 gold, have 45).
   351 | D:1      | 351 ||| SHOPLISTING amulet of regeneration (360 gold, have
                  | 45).
   351 | D:1      | 351 ||| SHOPLISTING ring of fire (300 gold, have 45).
   351 | D:1      | 351 ||| SHOPLISTING ring of protection from cold (300 gold,
                  | have 45).
   604 | D:1      | 604 ||| READING scroll labelled ATAYQO TIGRYK.
   605 | D:1      | 605 ||| READING 6 scrolls labelled BOCKAY CIEHOES.
   606 | D:1      | 606 ||| DRINKING 3 metallic purple potions.
   607 | D:1      | 607 ||| READING 5 scrolls of identify.
   607 | D:1      | 607 ||| IDENTIFYING green potion
   608 | D:1      | 608 ||| DRINKING potion of experience.
   608 | D:1      | Reached skill level 13 in Ranged Weapons
   608 | D:1      | Reached XP level 3. HP: 20/20 MP: 5/5
   609 | D:1      | 609 ||| DROPPING scroll of butterflies.
   611 | D:1      | 611 ||| Stepping ~*~*~tactically~*~*~ (cloud).
   612 | D:1      | 612 ||| DRINKING 2 potions of curing.
   612 | D:1      | 612 ||| (to cure poison)
   871 | D:2      | Reached XP level 4. HP: 25/25 MP: 6/6
  1325 | D:2      | Reached skill level 3 in Dodging
  1485 | D:2      | 1485 ||| UPGRADING to +0 scale mail.
  1495 | D:2      | 1495 ||| DROPPING +0 leather armour.
  1496 | D:2      | 1496 ||| UPGRADING to +0 ring mail.
  1506 | D:2      | 1506 ||| DROPPING +0 scale mail.
  1507 | D:2      | 1507 ||| READING scroll labelled FAOC MOMIGOTEKALU.
  1512 | D:2      | 1512 ||| DRINKING 2 fuming black potions.
  1513 | D:2      | 1513 ||| DROPPING potion of degeneration.
  1776 | D:3      | Reached XP level 5. HP: 30/30 MP: 7/7
  1879 | D:3      | 1879 ||| FLEEEEING.
  1880 | D:3      | 1880 ||| FLEEEEING.
  1881 | D:3      | 1881 ||| FLEEEEING.
  1882 | D:3      | 1882 ||| STAIRDANCE
  1942 | D:2      | 1942 ||| READING 7 scrolls of identify.
  1942 | D:2      | 1942 ||| IDENTIFYING fizzy emerald potion
  1962 | D:3      | HP: 7/30 [poisoned by an adder]
  1963 | D:3      | HP: 2/30 [orc/+0 mace of protection (4)]
  1965 | D:3      | Reached skill level 1 in Armour
  1965 | D:3      | Slain by an orc

Levels and vault maps discovered:
D:1:      dpeg_arrival_solitude, layout_loops_ring, serial_shops,
          nicolae_shop_tiny_waterfront, hellmonk_ecumenical_altar_inner_sanctum
D:2:      layout_loops_corners, kennysheep_pointless_box
D:3:      layout_loops_ring, serial_shops, shop, nicolae_kite_square_tiling_tiny

Skill      XL: |  1  2  3  4  5 |
---------------+----------------+-----
Ranged Weapons | 13 | 13.2
Dodging        | 3 |  3.0
Fighting       | 2 |  2.0
Armour         | 1 |  1.0
Stealth        | |  1.2

Action                     |  1- 3 |  4- 6 || total
---------------------------+-------+-------++-------
   Fire: Shortbow          |    66 |    75 ||   141
    Use: Scroll            |     3 |     2 ||     5
         Potion            |     3 |     1 ||     4
 Armour: Leather armour    |     2 |     1 ||     3
         Ring mail         |       |     7 ||     7
  Dodge: Dodged            |    13 |     7 ||    20

Table legend:
 A = Non-vault XP
 B = Vault XP
 C = Vault XP percentage of total XP
 D = Non-vault monster count
 E = Vault monster count
 F = Vault count percentage of total count
                 A         B        C        D         E       F
            +---------+---------+-------+---------+---------+-------
      Total |     215 |       0 |   0.0 |      46 |       0 |   0.0
            +---------+---------+-------+---------+---------+-------
        D:1 |      38 |       0 |   0.0 |      21 |       0 |   0.0
        D:2 |      57 |       0 |   0.0 |      12 |       0 |   0.0
        D:3 |     120 |       0 |   0.0 |      13 |       0 |   0.0
            +---------+---------+-------+---------+---------+-------
